← All builds
Beach sea / Armada / Economy first / OBSERVED BUILD

Standard beach sea

Armada Beach sea build order · Supreme Isthmus

Commander goes straight to sea to build a shipyard around 1:40, gets an early destroyer by 4:46 and follows up with an Advanced Metal Extractor around 10:00, the role's usual economy-first sea presence and vision play.

Usually shipyard first (96%)

#naval #eco · 481 distinct matches · 79 players · 73% of Armada Beach sea games · team won 46% of 506 · Recently observed

HOW TO PLAY IT

Key timing: Shipyard by 1:46

  1. Take 3 mex, then send com straight to sea to build shipyard.
  2. Finish shipyard, start pumping an early destroyer to contest sea.
  3. Get first destroyer out to fight for sea entry or scout island.
  4. Add Advanced Metal Extractor to fix the natural resource gap.
  5. Push T2 constructor if resources allow, keep contesting sea control.

Phase by phase

TYPICAL OF ITS 481 GAMES · AGAINST STANDARD BEACH SEA
  1. 1
  2. 2
  3. 3
PLAY THE OPENING

Follow the example game's first 6:00 step by step: what to build now, what comes next, and where it goes. At 1× it keeps pace with your own game.

  1. 1

    Up to the Shipyard

    Economy
    • Metal Extractor3Mex
    • Wind Turbine2Windfor allies+2 vs standard
    • Wind Turbine1Wind−4 vs standard
    Order
    1. ShipyardShipyard after 3 mex, 1 winddone ~1:38, middle half 1:24–1:59

    Some games also: tidal (44%) · energy storage (33%)

    By 1:20 in all: 3 mex · 1 wind (standard 5)

    The example game in this phase · 4 steps
    1. Mex ×3
    2. Wind ×3for Air
    3. Wind
    4. ShipyardShipyarddone 1:39 · typical 1:38
  2. 2

    Shipyard to 5:00

    Economy
    • Metal Extractor5Mex
    • Wind Turbine2Wind−4 vs standard
    • Tidal Generator2Tidal+2 vs standard
    Builders
    • Construction Ship2 Con ship +2 vs standard
    Army
    • Skater2 Skater
    • Dolphin2 Dolphin +2 vs standard
    • Corsair1 Destroyer
    Other
    • Naval Radar / Sonar Tower1 Naval Radar / Sonar Tower

    Some games also: Harpoon (41%) · con turret (37%) · Sentry (37%) · frigate (36%) · submarine (35%)

    The standard build makes here, this one skips: 3 con hovercraft · 7 seeker

    By 5:00 in all: 9 mex · 4 wind (standard 10) · 3 tidal (standard 0)

    The example game in this phase · 22 steps
    1. SkaterSkater
    2. Tidal ×3
    3. SkaterSkater
    4. Tidal ×2
    5. Construction ShipCon ship
    6. Tidal
    7. Construction ShipCon ship
    8. DolphinDolphin
    9. Mex
    10. DolphinDolphin
    11. Mex
    12. DolphinDolphin ×2
    13. Mex
    14. DolphinDolphin ×2
    15. Mex
    16. Con turret
    17. DolphinDolphin
    18. Naval Radar / Sonar TowerNaval Radar / Sonar Tower
    19. Mex
    20. HarpoonHarpoon
    21. DolphinDolphin
    22. Mex
  3. 3

    5:00 to 10:00

    Economy
    • Metal Extractor1Mex−2 vs standard
    • Wind Turbine11Wind
    Builders
    • Naval Construction Turret1 Naval Construction Turret
    • Grim Reaper1 Grim Reaper
    Army
    • Sentry1 Sentry
    • Harpoon1 Harpoon
    • Dolphin3 Dolphin
    • Corsair2 Destroyer
    • Skater2 Skater
    Other
    • Naval Radar / Sonar Tower1 Naval Radar / Sonar Tower

    Some games also: con ship (46%) · frigate (44%) · tidal (40%) · con turret (38%) · converter (38%)

    By 10:00 in all: 10 mex · 16 wind (standard 24) · 5 tidal (standard 0) · 1 energy storage · 1 con turret · 1 Naval Construction Turret

    The example game in this phase · 76 steps
    1. DolphinDolphin ×2
    2. HarpoonHarpoon
    3. SentrySentry
    4. Bot LabBot Labdone 6:08
    5. PawnPawn
    6. Naval Energy Converter
    7. HarpoonHarpoon
    8. PawnPawn ×2
    9. Naval Energy Converter
    10. PawnPawn
    11. Naval Energy Converter
    12. PawnPawn
    13. Naval Construction Turret
    14. CenturionCenturion
    15. Wind ×7
    16. SentrySentry
    17. Wind ×4
    18. CorsairDestroyerdone 8:17 · typical 4:50
    19. Wind
    20. Naval Energy Converter
    21. CorsairDestroyer
    22. Advanced Metal ExtractorT2 mexdone 9:23 · typical 10:01
    23. Naval Energy Converter ×2
    24. Tidal
    25. CorsairDestroyer
    26. Tidal ×2
    27. SkaterSkater
    28. Advanced Metal ExtractorT2 mex
    29. SkaterSkater
    30. Tidal
    31. SkaterSkater
    32. Tidal
    33. HarpoonHarpoon
    34. SkaterSkater
    35. Tidal
    36. SkaterSkater
    37. DolphinDolphin
    38. Advanced Metal ExtractorT2 mex
    39. DolphinDolphin ×5
    40. HarpoonHarpoon
    41. DolphinDolphin ×2
    42. Naval Radar / Sonar TowerNaval Radar / Sonar Tower
    43. DolphinDolphin ×2
    44. HarpoonHarpoon
    45. DolphinDolphin ×4
    46. Advanced Metal ExtractorT2 mex
    47. DolphinDolphin
    48. Naval Construction Turret
    49. DolphinDolphin ×9
    50. Mex
    51. Tidal
    52. DolphinDolphin ×2
    53. Tidal
    54. DolphinDolphin
    55. Naval Radar / Sonar TowerNaval Radar / Sonar Tower
    56. Tidal
    57. DolphinDolphin
    58. Tidal
    59. DolphinDolphin
    60. Tidal
    61. DolphinDolphin
    62. Tidal
    63. DolphinDolphin ×2
    64. Tidal
    65. HarpoonHarpoon
    66. DolphinDolphin
    67. Tidal
    68. HarpoonHarpoon
    69. DolphinDolphin
    70. Advanced ShipyardAdvanced Shipyardnot finished by 15:00
    71. DolphinDolphin ×2
    72. SkaterSkater
    73. HarpoonHarpoon
    74. SkaterSkater
    75. HarpoonHarpoon
    76. SkaterSkater ×3

Counts are medians over the build's games: half of them build more, half fewer. The example game is Geronimofo's (36 OS, 21/08/2026); pick another.

Team trades

IN AT LEAST 30% OF ITS GAMES

You hand over

  • Wind Turbine3 Wind to Airfirst at 1:45 · in 77% of games

You get

  • Finch1 Finch from Airfirst at 1:57 · in 78% of games
  • Lazarus1 Lazarus from Geofirst at 2:09 · in 52% of games
  • Hercules1 Light transport from Airfirst at 2:15 · in 40% of games
  • Hephaestus1 Heavy transport from Airfirst at 2:16 · in 63% of games
  • Construction Bot1 Con bot from Geofirst at 2:24 · in 70% of games
  • Advanced Construction Bot1 T2 con bot from Techfirst at 8:10 · in 89% of games

How it plays out

Typical game of this build, running totals by minute

Metal produced

010k20k30k
0:005:0010:0015:00

metal

Enemy metal destroyed

05k10k
0:005:0010:0015:00

metal

Own metal lost

02.5k5k7.5k
0:005:0010:0015:00

metal

506 games.

Show as table
ByMetal produced: This buildEnemy metal destroyed: This buildOwn metal lost: This build
1:0040400
2:0093800
3:00158600
4:0025475147
5:003734255125
6:005155571300
7:0067161143591
8:00831216791039
9:001001825171678
10:001187736082426
11:001418845823270
12:001693754714014
13:001973364694888
14:002238872945782
15:002531983686716
WHAT THE NUMBERS SAY

This build loses more often than it wins and trails behind on economy, taking heavier losses than kills by 15:00.

  • + Destroys 7891 enemy metal by 15:00 through consistent sea fighting.
  • + Reaches shipyard fast (1:46) to contest sea entry early.
  • − Loses 6587 own metal by 15:00, nearly matching what it destroys.
  • − T2 factory only appears in 35% of games, falling behind economically.
THE EXAMPLE YOU ARE READING

Geronimofo

35.7 OS · 21/08/2026

Open source match ↗

5 received units · includes a constructor
0 metal received · 14827 energy received

Allied construction assistance is unknown. Timings are observations, not a promise of solo reproducibility.

Typical milestones

Shipyard1:38Middle 50%: 1:24–1:59 · n=505
Corsair4:50Middle 50%: 4:15–5:53 · n=485
Advanced Metal Extractor10:01Middle 50%: 9:13–10:56 · n=436

Played most by

yeskinkot61games of this buildHummell57games of this buildTheSituation44games of this buildImmort33games of this buildhaaven32games of this build